 Dungeon Crawl Stone Soup version 0.22.1-5-g62c59d9 (webtiles) character file.

1142 Amon001 the Shield-Bearer (level 8, -6/63 HPs)
             Began as a Formicid Fighter on Jan 13, 2019.
             Was an Initiate of Qazlal.
             Splashed by Harold's acid (15 damage)
             ... on level 7 of the Dungeon.
             The game lasted 00:16:59 (5269 turns).

Amon001 the Shield-Bearer (Formicid Fighter)        Turns: 5269, Time: 00:17:00

Health: -6/63      AC:  6    Str: 29    XL:     8   Next: 64%
Magic:  6/6        EV: 10    Int:  7    God:    Qazlal [......]
Gold:   201        SH: 11    Dex: 10    Spells: 7/7 levels left

rFire    + . .     SeeInvis +   a - +1 long sword
rCold    . . .     Gourm    .   c - +1 shield
rNeg     . . .     Faith    .   t - +0 chain mail
rPois    .         Spirit   .   (helmet unavailable)
rElec    .         Reflect  .   r - +0 cloak
rCorr    .         Harm     .   (no gloves)
MR       .....                  (no boots)
Stlth    ..........             (no amulet)
HPRegen  0.20/turn              p - +2 ring of protection
MPRegen  0.10/turn              s - ring of protection from fire

@: mighty, marked, corroded, heavily drained
A: permanent stasis, dig shafts and tunnels, four strong arms, antennae 3,
hooves 1, repulsion field 1, thin metallic scales 1, low mp 2
a: Dig, Shaft Self, Renounce Religion


You were on level 7 of the Dungeon.
You worshipped Qazlal.
Qazlal was noncommittal.
You were not hungry.

You visited 2 branches of the dungeon, and saw 8 of its levels.
You also visited: Ossuary.

You collected 569 gold pieces.
You spent 368 gold pieces at shops.

Inventory:

Hand Weapons
 a - a +1 long sword (weapon)
Armour
 c - a +1 shield (worn)
 r - a +0 cloak (worn)
 t - a +0 chain mail (worn)
Jewellery
 p - a +2 ring of protection (left hand)
 s - a ring of protection from fire (right hand)
Scrolls
 b - 2 scrolls of magic mapping
 e - a scroll of enchant armour
 g - 7 scrolls of identify
 h - a scroll of amnesia
 k - 2 scrolls of fog
 l - 3 scrolls of remove curse
 o - a scroll of fear
 v - a scroll of enchant weapon
Potions
 d - 5 potions of might
 i - 3 potions of flight
 j - a potion of heal wounds
 m - a potion of ambrosia
 q - 4 potions of curing
 u - a potion of brilliance {unknown}
 w - a potion of cancellation {unknown}
Comestibles
 f - 13 rations


   Skills:
 * Level 5.4(3.9) Fighting
 + Level 5.2(3.7) Long Blades
 * Level 5.8(4.3) Armour
 * Level 3.5(2.0) Dodging
 + Level 0.1(0.0) Stealth
 + Level 5.9(4.4) Shields


You had 7 spell levels left.
You didn't know any spells.
Your spell library contained the following spells:

 Spells                   Type           Power        Failure   Level  Hunger
 Animate Skeleton         Necr           N/A          100%        1    ##.....
 Apportation              Tloc           #.....       100%        1    ##.....
 Confusing Touch          Hex            #.....       100%        1    ##.....
 Freeze                   Ice            #...         100%        1    ##.....
 Summon Small Mammal      Summ           #...         100%        1    ##.....
 Throw Frost              Conj/Ice       #.....       100%        2    ###....
 Ozocubu's Armour         Chrm/Ice       #.......     100%        3    ####...
 Summon Ice Beast         Ice/Summ       #.......     100%        4    #####..
 Throw Icicle             Conj/Ice       #.......     100%        4    #####..


Dungeon Overview and Level Annotations

Branches:
Dungeon (7/15)             Temple (1/1) D:6

Altars:
Dithmenos
Elyvilon
Fedhas
Gozag
Hepliaklqana
Kikubaaqudgha
Makhleb
Nemelex Xobeh
Qazlal
Sif Muna
Wu Jian
Zin
The Shining One

Shops:
D:6 *

Annotations:
D:7 Harold


Innate Abilities, Weirdness & Mutations

You cannot be hasted, slowed, berserked, paralysed or teleported.
You can dig through walls and to a lower floor.
Your four strong arms can wield two-handed weapons with a shield.
You have a pair of large antennae on your head. (SInv)
You have large cloven feet.
You are surrounded by a mild repulsion field. (EV +2)
You are partially covered in thin metallic scales. (AC +2)
Your magical capacity is very low. (-20% MP)


Message History

Harold is moderately wounded.
Harold hits you with a dire flail!
* * * LOW HITPOINT WARNING * * *
You feel much better. You block Harold's attack.
You slash Harold! You kick Harold!
Harold is severely wounded.
Harold zaps a wand.
The bolt of acid hits you! The acid corrodes you!
You are splashed with acid!
The acid burns!
* * * LOW HITPOINT WARNING * * *
You feel much better.
Harold drinks a potion.
Harold is healed!
You slash Harold! You kick Harold, but do no damage.
Harold is severely wounded.
Harold casts a spell at you. A sentinel's mark forms upon you.
You hit Harold.
Harold is severely wounded.
Harold zaps a wand.
The bolt of acid hits you!
* * * LOW HITPOINT WARNING * * *
The acid corrodes you!
You are splashed with acid!
The acid burns!
You die...

#.........#
#####.#####
#####.#### #
#........# #.##+#
#.###.##.# #?....#
#.##..# # ##.....##
#.#<..## #.....>.##
#......#
......@@$###.....##
........((.......#
.........###....##
#..>....## #.......
##.....## ##.#####
##...# #.# ##+# #.#
.#


You could see Harold.

Vanquished Creatures
  Edmund (D:4)
  A phantom (D:4)
  An ogre (D:4)
  2 howler monkeys
  A crimson imp (D:3)
  Crazy Yiuf (D:3)
  8 orc wizards
  2 worker ants (D:4)
  A big kobold zombie (Ossuary)
  A hound skeleton (D:5)
  4 mummies (Ossuary)
  A worker ant zombie (D:6)
  7 gnolls
  11 adders
  3 oozes (D:1)
  2 adder zombies
  An adder skeleton (D:4)
  3 worms
  A leopard gecko (D:2)
  19 orcs
  2 ball pythons
  8 bats
  10 giant cockroaches
  2 gnoll zombies (Ossuary)
  9 hobgoblins
  6 jackals
  4 quokkas
  8 frilled lizards
  16 goblins
  3 hobgoblin zombies (Ossuary)
  A jackal skeleton (D:5)
  3 jackal zombies (Ossuary)
  13 kobolds
  A kobold zombie (Ossuary)
  An orc zombie (Ossuary)
  18 rats
176 creatures vanquished.

Notes
Turn   | Place    | Note
-------+----------+-------------------------------------------
     0 | D:1      | Amon001 the Formicid Fighter began the quest for the Orb.
     0 | D:1      | Reached XP level 1. HP: 18/18 MP: 1/1
    12 | D:1      | Reached XP level 2. HP: 19/24 MP: 2/2
   148 | D:1      | Reached XP level 3. HP: 30/30 MP: 3/3
   499 | D:1      | Reached XP level 4. HP: 37/37 MP: 4/4
   516 | D:1      | Reached skill level 1 in Dodging
  1259 | D:2      | Reached XP level 5. HP: 40/42 MP: 5/5
  1871 | D:3      | Found the +5 pair of quick blades "Gyre" and "Gimble"
                  | {pierce, Dex-3}
  2190 | D:3      | Reached XP level 6. HP: 48/48 MP: 6/6
  2201 | D:3      | Found a burning altar of Makhleb.
  2212 | D:3      | Found a shadowy altar of Dithmenos.
  2425 | D:3      | Found a runed door.
  2627 | D:3      | Noticed Crazy Yiuf
  2646 | D:3      | Killed Crazy Yiuf
  2799 | D:4      | Gained mutation: You have large cloven feet. [potion of
                  | mutation]
  2799 | D:4      | Gained mutation: Your magical capacity is low. (-10% MP)
                  | [potion of mutation]
  2799 | D:4      | Gained mutation: You are dopey. (Int -2) [potion of
                  | mutation]
  2799 | D:4      | Gained mutation: You are resistant to electric shocks.
                  | (rElec) [potion of mutation]
  2959 | D:4      | Noticed an ogre
  2968 | D:4      | Killed an ogre
  2968 | D:4      | Reached XP level 7. HP: 8/55 MP: 6/6
  3193 | D:4      | Reached skill level 5 in Shields
  3204 | D:4      | Reached skill level 5 in Armour
  3442 | D:4      | Lost mutation: You are resistant to electric shocks.
                  | (rElec) [potion of mutation]
  3442 | D:4      | Lost mutation: You are dopey. (Int -2) [potion of mutation]
  3442 | D:4      | Gained mutation: Your magical capacity is very low. (-20%
                  | MP) [potion of mutation]
  3442 | D:4      | Gained mutation: You are partially covered in thin metallic
                  | scales. (AC +2) [potion of mutation]
  3442 | D:4      | Gained mutation: You are surrounded by a mild repulsion
                  | field. (EV +2) [potion of mutation]
  3600 | D:4      | Noticed Edmund
  3623 | D:4      | Killed Edmund
  3623 | D:4      | Reached skill level 5 in Fighting
  3623 | D:4      | Reached XP level 8. HP: 60/62 MP: 6/6
  3683 | D:5      | Entered Level 5 of the Dungeon
  3696 | D:5      | Found a white marble altar of Elyvilon.
  3759 | D:5      | Found a glowing silver altar of Zin.
  3797 | D:5      | Found a sand-covered staircase.
  3805 | Ossuary  | Entered an ossuary
  3884 | Ossuary  | Reached skill level 5 in Long Blades
  4465 | D:6      | Found a staircase to the Ecumenical Temple.
  4473 | Temple   | Entered the Ecumenical Temple
  4483 | Temple   | Became a worshipper of Qazlal Stormbringer
  5053 | D:6      | Found Mofen's Assorted Antiques.
  5061 | D:6      | Bought a glittering pewter ring for 115 gold pieces
  5061 | D:6      | Bought a ruby ring for 115 gold pieces
  5061 | D:6      | Bought a tourmaline ring for 115 gold pieces
  5062 | D:6      | Identified the ring "Ijamaghe" {Fire MP+9} (You bought it
                  | in a shop on level 6 of the Dungeon)
  5075 | D:6      | Bought a scroll labeled UCRUST JUXAEJO for 23 gold pieces
  5248 | D:7      | Noticed Harold
  5269 | D:7      | Splashed by Harold's acid

Skill      XL: |  1  2  3  4  5  6  7  8 |
---------------+-------------------------+-----
Shields        | 4 5 |  5.9
Dodging        | 1 2 3 |  3.5
Fighting       | 4 5 |  5.4
Armour         | 4 5 |  5.8
Long Blades    | 3 4 5 |  5.2
Stealth        | |  0.1

Action                   |  1- 3 |  4- 6 |  7- 9 || total
-------------------------+-------+-------+-------++-------
Melee: Long sword        |    78 |   305 |   205 ||   588
       Kick              |       |     5 |    65 ||    70
  Use: Scroll            |       |     9 |    11 ||    20
       Potion            |       |     1 |     4 ||     5
  Eat: Chunk             |       |     7 |     8 ||    15
Armor: Scale mail        |    41 |   112 |       ||   153
       Chain mail        |       |    23 |    96 ||   119
Dodge: Dodged            |    31 |   136 |    70 ||   237
Block: Shield            |    65 |   194 |   118 ||   377
       Rpst.: Long sword |    12 |    52 |    23 ||    87
